AoeStats
← TW_Picar

African Clearing

506500565Analyzed
4v4 RM · 20d ago on Sep 13, 2026· 24m 46s· 8 players
Game mode
Random Map
Map size
Large (8 player)
Population
200
Speed
Normal
Resources
Standard
Victory
Conquest
Starting age
Dark Age
Ending age
Imperial Age
RankedLock teamsTeams togetherTeam positionsShared explorationLock speedFull tech treeHidden civsTurbo modeCheats
Victory
Defeat
🇲🇽 Turks · Mexico
1523
+8
🇲🇽 Mongols · Mexico
1326
+16
🇲🇽 Persians · Mexico
1288
+17
🇲🇽 Franks · Mexico
1209
+20
🇦🇷 Vietnamese · Argentina
1334
-16
🇹🇼 Maya · Taiwan
1325
-15
🇲🇽 Huns · Mexico
1316
-15
🇬🇵 Mongols · Guadeloupe
1314
-15
Seifer
4:03 Loom
11:44 Feudal Age
12:13 Double-Bit Axe
13:38 Stone Mining
15:28 Town Watch
17:09 Fishing Lines
18:53 Horse Collar
SULIMAN
3:34 Loom
4:07 Loom
14:48 Feudal Age
20:20 Castle Age
18:37 Double-Bit Axe
19:35 Fletching
21:22 Bow Saw
NotGG
3:08 Loom
13:03 Feudal Age
18:03 Castle Age
TW_Picar
12:20 Feudal Age
11:53 Loom
13:36 Fletching
MZTK | Kaptn'SpeR0
13:08 Feudal Age
11:57 Loom
17:23 Castle Age
16:18 Double-Bit Axe
16:23 Gold Mining
16:15 Horse Collar
16:44 Scale Barding Armor
18:04 Bloodlines
18:23 Chain Barding Armor
20:46 Forging
21:29 Husbandry
MZTK | Dragneel
7:10 Loom
13:24 Feudal Age
15:18 Double-Bit Axe
20:01 Castle Age
19:31 Stone Mining
MZTK | BALLON BOY
3:51 Loom
13:42 Feudal Age
18:37 Castle Age
MZTK | Orocar
5:25 Loom
12:16 Feudal Age
15:13 Forging
16:31 Scale Barding Armor
22:44 Castle Age
21:48 Bloodlines
21:28 Double-Bit Axe
21:23 Horse Collar
23:45 Husbandry
25:10 Chain Barding Armor
Connection lost

Rejoining the realm…

Still unreachable

The connection could not be restored.

Session expired

The server has moved on; the page needs a fresh start.